 Dungeon Crawl Stone Soup version 0.31.0-1-g2c135a0 (webtiles) character file.

Game seed: 3712669664416722376

78 jagoly the Trooper (level 4, 29/29 HPs)
             Began as a Gargoyle Monk on Feb 2, 2024.
             Was an Initiate of Ashenzari.
             Quit the game on level 3 of the Dungeon.
             The game lasted 00:04:23 (661 turns).

jagoly the Trooper (Gargoyle Monk)                   Turns: 661, Time: 00:04:23

Health: 29/29      AC: 10    Str: 16    XL:     4   Next: 36%
Magic:  4/4        EV: 10    Int: 11    God:    Ashenzari [......]
Gold:   78         SH:  0    Dex: 18    Spells: 3/3 levels left

rFire   . . .        a - +0 hand axe
rCold   . . .        d - orb {light}
rNeg    + . .        o - +0 scale mail
rPois   ∞            (no helmet)
rElec   +            (no cloak)
rCorr   .            (no gloves)
SInv    .            (no boots)
Will    +....        (no amulet) Stlth
                     m - +6 ring of dexterity
HPRegen 0.24/turn    q - ring of willpower
MPRegen 0.09/turn

%: no passive effects
@: glowing
A: sickness immunity, AC +3, negative energy resistance 1, electricity
resistance, torment resistance 1, petrification resistance
a: Renounce Religion, Curse Item


You were on level 3 of the Dungeon.
You worshipped Ashenzari.
Ashenzari was noncommittal.
You visited 1 branch of the dungeon, and saw 4 of its levels.

You collected 78 gold pieces.

Inventory:

Hand Weapons
 a - a +0 hand axe (weapon)
 n - a +1 mace of holy wrath
 p - a +0 sling
Missiles
 e - 9 stones (quivered)
Armour
 b - a +0 robe
 d - an orb of light (worn)
 g - a +0 ring mail
 o - a +0 scale mail (worn)
Jewellery
 m - a +6 ring of dexterity (left hand)
 q - a ring of willpower (right hand)
Scrolls
 h - a scroll of fog {unknown}
 i - a scroll of teleportation {unknown}
 k - 2 scrolls of identify {unknown}
 l - a scroll of brand weapon {unknown}
Potions
 c - a potion of ambrosia
 f - a potion of degeneration {unknown}
 j - 2 potions of curing {unknown}


   Skills:
 + Level 3.8 Fighting
 * Level 3.5 Axes
 + Level 1.6 Armour
 + Level 2.8 Dodging


You had 3 spell levels left.
You didn't know any spells.
Your spell library contained the following spells:

 Spells                   Type           Power      Damage    Failure   Level
 Manifold Assault         Tloc           0%         N/A       100%        4
 Dispersal                Tloc           0%         N/A       100%        6
 Disjunction              Tloc           0%         N/A       100%        8


Dungeon Overview and Level Annotations

Branches:
Dungeon (4/15) Zot: 23326
 Temple: D:4-7

Altars:
Ashenzari

Shops:
D:3 :


Innate Abilities, Weirdness & Mutations

You are immune to sickness and miasma.
Your stone body is resilient. (AC +3)
You are immune to poison.
You resist negative energy. (rN+)
You are resistant to electric shocks. (rElec)
You are resistant to unholy torment.
You are immune to petrification.


Message History

The goblin barely misses you.
You hit the goblin.
The goblin is heavily wounded.
You hit the quokka. The quokka misses you. The goblin misses you.
The quokka bites you.
You hit the goblin.
You kill the goblin!
You hit the quokka.
You kill the quokka!
No target in view!
No target in view!
e - 9 stones (gained 5)
Things that are here:
a +0 whip; a quokka corpse; a kobold corpse You see here a +0 dagger.
An endoplasm and a goblin come into view.
The goblin shouts!
The endoplasm moves out of view.
A goblin is nearby!
The endoplasm quivers.
The goblin closely misses you.
You hit the goblin but do no damage. The goblin closely misses you.
You slash the goblin!
You kill the goblin!
The endoplasm hits you but does no damage.
Your Axes skill increases to level 3!
You hit the endoplasm.
The endoplasm is heavily wounded.
The endoplasm freezes you.
You are frozen.
You hit the endoplasm.
You kill the endoplasm!
Things that are here:
a +0 dagger; a goblin corpse
Found 14 gold pieces.
Found a ring mail.
Found a stone staircase leading down.
You see here a +0 ring mail.
You start removing your armour.
You continue taking off your +0 robe. x4
You finish taking off your +0 robe.
You start putting on your armour.
You continue putting on your +0 ring mail. x4
HP restored.
You continue putting on your +0 ring mail.
You finish putting on your +0 ring mail.
HP restored.
You now have 19 gold pieces (gained 14).
There is a stone staircase leading down here.
You climb downwards.
There is a stone staircase leading up here.
You climb upwards.
There is a stone staircase leading down here.
You open the door.
There is an open door here.
Found 10 gold pieces.
You now have 29 gold pieces (gained 10).
You open the door.
Found a whip.
A goblin comes into view. It is wielding a +0 dagger.
The goblin shouts!
The goblin hits you but does no damage.
You hit the goblin.
The goblin is severely wounded.
The goblin hits you but does no damage. The goblin closely misses you.
You hit the goblin.
You kill the goblin!
No target in view!
You see here a +0 dagger.
You see here a +0 whip.
Found a scroll labelled DIENTUOCZE.
h - a scroll labelled DIENTUOCZE A kobold comes into view.
It is wielding a +0 short sword.
A kobold is nearby!
The kobold misses you.
You hit the kobold.
You kill the kobold!
No target in view!
No target in view!
e - 13 stones (gained 4)
You see here a +0 short sword.
A quokka comes into view.
Found a scroll labelled AKODETH WEIDD.
A quokka is nearby!
The quokka barely misses you.
You barely miss the quokka. The quokka misses you. x2
You closely miss the quokka.
The quokka bites you but does no damage.
You barely miss the quokka.
The quokka bites you but does no damage.
The quokka bites you.
You hit the quokka but do no damage.
The quokka bites you but does no damage.
You hit the quokka but do no damage. The quokka closely misses you.
You closely miss the quokka. The quokka closely misses you.
The quokka bites you but does no damage.
You hit the quokka but do no damage. The quokka completely misses you.
You hit the quokka.
The quokka is almost dead.
The quokka closely misses you. x2
You hit the quokka.
You kill the quokka!
No target in view!
No target in view!
You open the door.
i - a scroll labelled AKODETH WEIDD A frilled lizard comes into view.
The frilled lizard hisses angrily.
A frilled lizard is nearby!
A frilled lizard is nearby!
The frilled lizard bites you but does no damage.
You hit the frilled lizard but do no damage.
The frilled lizard bites you but does no damage.
The frilled lizard bites you.
You barely miss the frilled lizard.
The frilled lizard bites you but does no damage.
You hit the frilled lizard.
You kill the frilled lizard!
No target in view!
You open the door.
Found a lumpy blue potion.
Found 12 gold pieces.
There is an open door here.
j - a lumpy blue potion You now have 41 gold pieces (gained 12).
HP restored.
You open the door.
There is an open door here.
There is an open door here.
Found a scroll labelled OMEYLI VILIJ.
k - a scroll labelled OMEYLI VILIJ A kobold comes into view.
It is wielding a +0 dagger.
The kobold shouts!
A kobold is nearby!
You hit the kobold.
You kill the kobold!
You see here a +0 dagger.
There is an open door here.
You open the door.
A goblin comes into view. It is wielding a +0 dagger.
Found a scroll labelled OMEYLI VILIJ.
A goblin is nearby!
Found a stone staircase leading down.
There is an open door here.
You hit the goblin.
You kill the goblin!
No target in view!
No target in view!
No target in view!
Things that are here:
a +0 dagger; a goblin corpse
k - 2 scrolls labelled OMEYLI VILIJ (gained 1)
You open the door.
A bat comes into view.
Found 15 gold pieces.
You closely miss the bat. The bat closely misses you.
The bat hits you but does no damage.
There is an open door here.
The bat hits you but does no damage.
You closely miss the bat. The bat closely misses you.
The bat hits you but does no damage.
There is an open door here.
You hit the bat.
You kill the bat!
You now have 56 gold pieces (gained 15).
You open the door. You open the door.
A quokka comes into view.
A quokka is nearby!
A bat comes into view.
Found a scroll labelled CORALI YTRO.
You hit the quokka but do no damage.
The quokka bites you but does no damage.
The bat hits you but does no damage.
You hit the quokka.
You kill the quokka!
You hit the bat. The bat hits you but does no damage.
The bat barely misses you.
Your Armour skill increases to level 1!
Found a glowing dagger.
The bat hits you but does no damage. x2
You hit the bat.
You kill the bat!
l - a scroll labelled CORALI YTRO You see here a +3 dagger.
You open the door.
There is an open door here.
There is a stone staircase leading down here.
You climb downwards.
The hobgoblin shouts!
The rat squeaks loudly.
The hobgoblin closely misses you.
Found a gilded ring.
There is a stone staircase leading up here.
You hit the hobgoblin but do no damage. The hobgoblin barely misses you.
You hit the hobgoblin.
The hobgoblin is moderately wounded.
You hit the rat.
You kill the rat!
The hobgoblin hits you.
You have reached level 3!
Your experience leads to an increase in your attributes!
Increase (S)trength, (I)ntelligence, or (D)exterity?
You feel stronger. x2
You hit the hobgoblin.
The hobgoblin is severely wounded.
The hobgoblin hits you but does no damage.
You hit the hobgoblin but do no damage.
The hobgoblin is severely wounded.
The hobgoblin hits you but does no damage.
The hobgoblin hits you.
You hit the hobgoblin.
You kill the hobgoblin!
No target in view!
No target in view!
m - a +6 ring of dexterity You feel agile.
m - a +6 ring of dexterity (left hand)
A quokka comes into view.
You hit the quokka.
The quokka is almost dead.
The quokka bites you but does no damage.
You hit the quokka.
You kill the quokka!
A rat comes into view.
The rat squeaks loudly.
A rat is nearby!
The rat bites you but does no damage.
You hit the rat.
You kill the rat!
Terence the Incautious comes into view.
He is wielding a +1 mace of holy wrath.
Terence shouts!
Terence is nearby!
Okay, then.
Throw: 13 stones
Press: ? - help, Q - select action Shift-Dir - straight line, f - Terence
Aim: Terence, wielding a +1 mace of holy wrath and wearing a +0 scale mail (63% to hit)
You throw a stone. The stone hits Terence.
Terence is lightly wounded.
Throw: 12 stones
Press: ? - help, Q - select action Shift-Dir - straight line, f/p - Terence
Aim: Terence, wielding a +1 mace of holy wrath and wearing a +0 scale mail (lightly wounded, 63% to hit)
You throw a stone.
The stone hits Terence but does no damage.
Terence is lightly wounded.
Throw: 11 stones
Press: ? - help, Q - select action Shift-Dir - straight line, f/p - Terence
Aim: Terence, wielding a +1 mace of holy wrath and wearing a +0 scale mail (lightly wounded, haloed, 82% to hit)
You throw a stone.
The stone hits Terence but does no damage.
Terence is lightly wounded.
Throw: 10 stones
Press: ? - help, Q - select action Shift-Dir - straight line, f/p - Terence
Aim: Terence, wielding a +1 mace of holy wrath and wearing a +0 scale mail (lightly wounded, haloed, 82% to hit)
You throw a stone. The stone hits Terence.
Terence is lightly wounded.
Terence shouts, "Get ready for death!"
You completely miss Terence.
Terence is lightly wounded.
Terence closely misses you.
You hit Terence.
Terence is moderately wounded.
Terence barely misses you. Terence closely misses you.
You hit Terence.
Terence is moderately wounded.
Terence hits you with a +1 mace of holy wrath.
You hit Terence but do no damage.
Terence is moderately wounded.
Terence hits you with a +1 mace of holy wrath.
You hit Terence.
Terence is heavily wounded.
Terence hits you with a +1 mace of holy wrath.
You barely miss Terence.
Terence is heavily wounded.
Terence barely misses you.
You hit Terence.
Terence is severely wounded.
Terence completely misses you.
You hit Terence.
Terence is severely wounded.
Terence misses you.
You hit Terence.
Terence is almost dead.
Terence hits you with a +1 mace of holy wrath.
Terence misses you.
You hit Terence but do no damage.
Terence is almost dead.
Terence hits you with a +1 mace of holy wrath.
* * * LOW HITPOINT WARNING * * *
You are too injured to fight recklessly!
You are too injured to fight recklessly!
You hit Terence but do no damage.
Terence is almost dead.
Terence hits you with a +1 mace of holy wrath.
* * * LOW HITPOINT WARNING * * *
You slash Terence!
You kill Terence!
Things that are here:
a +1 mace of holy wrath; a +0 scale mail; the human corpse of Terence
n - a +1 mace of holy wrath You start removing your armour.
You continue taking off your +0 ring mail. x4
You finish taking off your +0 ring mail.
You start putting on your armour.
You continue putting on your +0 scale mail. x5
You finish putting on your +0 scale mail.
Found 9 gold pieces.
You now have 65 gold pieces (gained 9).
An adder comes into view.
The adder hisses angrily.
The adder barely misses you.
You are too injured to fight recklessly!
You are too injured to fight recklessly!
You are too injured to fight recklessly!
You hit the adder.
The adder is heavily wounded.
The adder barely misses you.
You barely miss the adder.
The adder is moderately wounded.
The adder closely misses you. The adder bites you.
* * * LOW HITPOINT WARNING * * *
You barely miss the adder.
The adder is moderately wounded.
The adder bites you but does no damage.
You hit the adder.
The adder is severely wounded.
The adder bites you.
* * * LOW HITPOINT WARNING * * *
The adder misses you.
You closely miss the adder.
The adder is severely wounded.
The adder bites you.
* * * LOW HITPOINT WARNING * * *
You hit the adder.
The adder is almost dead.
The adder bites you.
* * * LOW HITPOINT WARNING * * *
You slash the adder!
You kill the adder!
You have reached level 4!
You feel clever.
You see here an adder corpse.
Found a sling.
You see here a +0 sling.
p - a +0 sling
Found a dagger.
Found a stone staircase leading down.
A quokka comes into view.
There is a stone staircase leading down here.
A ribbon worm comes into view.
The quokka bites you but does no damage.
The quokka bites you.
* * * LOW HITPOINT WARNING * * *
The ribbon worm expels a string of sticky webbing.
The stream of webbing misses you.
You are too injured to fight recklessly!
You are too injured to fight recklessly!
You are too injured to fight recklessly!
You are too injured to fight recklessly!
The quokka attacks as it pursues you! The quokka barely misses you.
There is a stone staircase leading down here.
You barely miss the quokka.
The quokka bites you but does no damage.
You hit the quokka.
The quokka is heavily wounded.
The quokka barely misses you.
You hit the quokka but do no damage.
The quokka is moderately wounded.
The quokka bites you.
* * * LOW HITPOINT WARNING * * *
The quokka barely misses you.
You closely miss the quokka.
The quokka is moderately wounded.
The quokka barely misses you.
You hit the quokka but do no damage.
The quokka is moderately wounded.
The quokka misses you. The quokka barely misses you.
You barely miss the quokka.
The quokka is lightly wounded.
The quokka closely misses you.
You slash the quokka!
You kill the quokka!
You slash the ribbon worm!
The ribbon worm is heavily wounded.
The ribbon worm bites you but does no damage.
You hit the ribbon worm.
The ribbon worm is severely wounded.
The ribbon worm completely misses you.
You hit the ribbon worm.
The ribbon worm is severely wounded.
You hit the ribbon worm.
The ribbon worm is almost dead.
The ribbon worm barely misses you.
You hit the ribbon worm.
You kill the ribbon worm!
You see here a quokka corpse.
There is a stone staircase leading down here.
You climb downwards.
Found a book of the Warp.
Found Liram's Book Emporium.
There is a stone staircase leading up here.
Unknown command.
You pick up a book of the Warp and begin reading...
You add the spells Manifold Assault, Dispersal and Disjunction to your library.
A frilled lizard comes into view.
Found a granite ring.
There is an entrance to Liram's Book Emporium here.
You hit the frilled lizard but do no damage.
The frilled lizard bites you but does no damage.
You hit the frilled lizard.
You kill the frilled lizard!
A frilled lizard comes into view.
The frilled lizard hisses angrily.
You see here a ring of willpower.
q - a ring of willpower You hit the frilled lizard.
You kill the frilled lizard!
No target in view!
q - a ring of willpower (right hand)
You open the door.
There is an open door here.
Found an escape hatch in the floor.
Found a lumpy blue potion.
A ball python comes into view.
A ball python is nearby!
A ball python is nearby!
A ball python is nearby!
Found a stone staircase leading down.
The ball python hisses angrily.
j - 2 lumpy blue potions (gained 1)
There are no items here.
The ball python bites you but does no damage.
The ball python grabs you. The ball python constricts you.
You slash the ball python!
You kill the ball python!
No target in view!
HP restored.
There is a stone staircase leading down here.
You climb downwards.
There is a stone staircase leading up here.
You open the door.
There is an open door here.
Found a stone staircase leading up.
Found 8 stones.
There is a stone staircase leading up here.
You climb upwards.
There is a stone staircase leading down here.
You open the door.
An adder comes into view.
The adder hisses angrily.
There is an open door here.
The adder bites you but does no damage.
You hit the adder.
The adder is heavily wounded.
The adder barely misses you. x2
You closely miss the adder.
The adder is heavily wounded.
The adder bites you but does no damage.
You hit the adder.
The adder is almost dead.
The adder barely misses you. The adder bites you but does no damage.
You slash the adder!
You kill the adder!
No target in view!
There is an open door here.
You open the door.
Found a ring mail.
A goblin comes into view. It is wielding a +0 dagger.
The goblin shouts!
There is an open door here.
The goblin unwields a +0 dagger.
The goblin wields a +0 sling.
The goblin shoots a sling bullet.
The sling bullet closely misses you.
The goblin shoots a sling bullet.
The sling bullet hits you but does no damage.
There is an open door here.
The goblin shoots a sling bullet.
The sling bullet hits you.
The goblin shoots a sling bullet.
The sling bullet hits you but does no damage.
The goblin shoots a sling bullet.
The sling bullet barely misses you.
The goblin unwields a +0 sling.
The goblin wields a +0 dagger.
The goblin closely misses you.
You hit the goblin.
The goblin is heavily wounded.
The goblin hits you with a +0 dagger.
You hit the goblin.
You kill the goblin!
Things that are here:
a +0 dagger; a +0 sling HP restored.
You open the door.
There is an open door here.
You open the door.
Found 13 gold pieces.
Found a faded altar of an unknown god.
There is an open door here.
Found a broken altar of Ashenzari.
You now have 78 gold pieces (gained 13).
There is a faded altar of an unknown god here.
This altar belongs to (a) the Shining One, (b) Ashenzari or (c) Wu Jian, but you can't tell which.
Press the corresponding letter to learn more about a god, or press enter to convert or escape to cancel.
Ashenzari accepts your prayer! Ashenzari welcomes you!
Ashenzari invites you to partake of a vision and a curse of elements and devices.
Ashenzari warns you of distant threats and treasures.
Ashenzari shows you where magical portals lie.
Okay, then.
Are you sure you want to abandon this character and quit the game? (Confirm with "yes".)

#..... #..... ##### #...8
##...## #....##....⌠#
#...##...@..#
#..##......⌠#
#..#.......##
#..'...#####.. .#
#..#..##.......#.# ......
##.##.#⌠......##.# .....
#..###.._...##..# .....#
#...##⌠....##...###......
#..8.## .##.8...........


There were no monsters in sight!

Vanquished Creatures
  Terence (D:2)
  2 adders
  A ribbon worm (D:2)
  5 bats (D:1)
  An endoplasm (D:1)
  6 goblins
  A hobgoblin (D:2)
  5 quokkas
  A ball python (D:3)
  3 frilled lizards
  4 kobolds (D:1)
  2 rats (D:2)
32 creatures vanquished.

Notes
Turn   | Place    | Note
-------+----------+-------------------------------------------
     0 | D:1      | jagoly the Gargoyle Monk began the quest for the Orb.
     0 | D:1      | Reached XP level 1. HP: 14/14 MP: 1/1
    72 | D:1      | Reached XP level 2. HP: 19/19 MP: 2/2
   341 | D:1      | Reached skill level 1 in Armour
   374 | D:2      | Reached XP level 3. HP: 21/23 MP: 3/3
   416 | D:2      | Noticed Terence
   432 | D:2      | Killed Terence
   465 | D:2      | Reached XP level 4. HP: 8/29 MP: 4/4
   522 | D:3      | Found Liram's Book Emporium.
   651 | D:3      | Found a faded altar of an unknown god.
   654 | D:3      | Found a broken altar of Ashenzari.
   660 | D:3      | Prayed at the altar of an unknown god.
   660 | D:3      | Became a worshipper of Ashenzari the Shackled
   661 | D:3      | Quit the game

Illustrated notes

Levels and vault maps discovered:
D:1:      dpeg_arrival_windows_large_door, layout_basic, minmay_small_reverse_x
D:2:      layout_basic, uniq_terence
D:3:      layout_basic, nicolae_overflow_ecumenical_swirl, serial_shops, shop,
          shop, shop, shop, shop
D:4:      layout_basic, kennysheep_little_box, st_stairs_14, uniq_robin

Skill      XL: |  1  2 |
---------------+-------+-----
Axes           | 3 |  3.5
Armour         | 1 |  1.6
Fighting       | |  3.8
Dodging        | |  2.8

Action                     |  1- 3 |  4- 6 || total
---------------------------+-------+-------++-------
  Melee: Hand axe          |    66 |    22 ||    88
  Throw: Stone             |     4 |       ||     4
 Armour: Robe              |    12 |       ||    12
         Ring mail         |    31 |       ||    31
         Scale mail        |     5 |    14 ||    19
  Dodge: Dodged            |    41 |    16 ||    57
